 Dungeon Crawl Stone Soup version 0.31-a0-210-gccc998df9b (webtiles) character file.

Game seed: 18229715813331392332

165 qw the Shooter (level 5, -8/45 HPs)
             Began as a Minotaur Hexslinger on June 29, 2023.
             Mangled by an ogre
             ... wielding a +0 giant club
              (24 damage)
             ... on level 4 of the Dungeon.
             The game lasted 00:00:53 (2160 turns).

qw the Shooter (Minotaur Hexslinger)                Turns: 2160, Time: 00:00:54

Health: -8/45      AC:  6    Str: 12    XL:     5   Next: 22%
Magic:  5/5        EV: 11    Int: 10    God:
Gold:   193        SH:  0    Dex: 15    Spells: 5/6 levels left

rFire   . . .        c - +2 sling (heavy)
rCold   . . .        (no shield)
rNeg    . . .        i - +0 ring mail
rPois   .            (helmet restricted)
rElec   .            k - +0 cloak
rCorr   .            (no gloves)
SInv    .            (no boots)
Will    .....        (no amulet)
Stlth   +            (no ring)
HPRegen 0.27/turn    (no ring)
MPRegen 0.09/turn

%: no passive effects
@: no status effects
A: horns 2, retaliatory headbutt
a: no special abilities


You were on level 4 of the Dungeon.
You visited 1 branch of the dungeon, and saw 4 of its levels.

You collected 193 gold pieces.


Innate Abilities, Weirdness & Mutations

You have a pair of horns on your head.
You reflexively headbutt those who attack you in melee.


   Skills:
 - Level 3.4 Fighting
 + Level 5.0 Ranged Weapons
 - Level 1.0 Armour
 - Level 2.1 Dodging
 - Level 1.0 Spellcasting
 - Level 2.0 Hexes


You had 5 spell levels left.
You knew the following spells:

 Your Spells              Type           Power      Damage    Failure   Level
a - Slow                  Hex            16%        N/A       34%         1

Your spell library contained the following spells:

 Spells                   Type           Power      Damage    Failure   Level
 Inner Flame              Hex/Fire       2%         N/A       83%         3
 Portal Projectile        Hex/Tloc       4%         N/A       83%         3
 Cause Fear               Hex            2%         N/A       98%         4

Inventory:

Hand Weapons
 c - a +2 heavy sling (weapon)
Armour
 i - a +0 ring mail (worn)
 k - a +0 cloak (worn)
Wands
 a - a wand of digging (5)
Potions
 d - 3 potions of curing
 f - a potion of haste {unknown}
 h - a potion of attraction {unknown}
 n - a potion of ambrosia {unknown}

Dungeon Overview and Level Annotations

Branches:
Dungeon (4/15)
 Temple: D:4-7

Altars:
Makhleb
Qazlal

Annotations:
D:3 1 runed translucent door, qw's ghost, amateur DEHu


Message History

Really abort (and waste the scroll)?
Done exploring.
(D) Dungeon
Where to? (* - list waypoints, Enter - D:3, ? - help)
What level of the Dungeon? (default 1, ? - help)
There is a stone staircase leading down here.
You climb downwards.
There is a stone staircase leading up here.
Waypoint 3 assigned to D:4.
An ufetubus comes into view.
The ufetubus shouts!
You hear a shout!
An ogre comes into view. It is wielding a +0 giant club.
You shoot a sling bullet. The sling bullet hits the ufetubus.
The ufetubus is heavily wounded.
You shoot a sling bullet. The sling bullet hits the ufetubus!
You kill the ufetubus!
You shoot a sling bullet. The sling bullet hits the ogre!
The ogre is moderately wounded.
You shoot a sling bullet.
The sling bullet completely misses the ogre.
A black bear comes into view.
The ogre closely misses you.
You shoot a sling bullet. The black bear growls angrily.
The sling bullet hits the ogre.
The ogre is moderately wounded.
The ogre closely misses you.
You shoot a sling bullet.
The sling bullet barely misses the ogre.
The ogre hits you with a +0 giant club.
You shoot a sling bullet. The sling bullet hits the ogre.
The ogre is heavily wounded.
The ogre hits you with a +0 giant club!!
You shoot a sling bullet. The sling bullet hits the ogre.
The ogre is severely wounded.
The black bear bites you. The black bear barely misses you.
The black bear claws you.
The ogre hits you with a +0 giant club!!
Ouch! That really hurt!
You die...

### ######.## #
#.......#.#
##.....@O=.#..
##..#...h.......
#.......#.......
##......#.......
###............
####...........
#...<....##....
#...........#....
#............#


You could see a black bear and an ogre.

Vanquished Creatures
  Jessica (D:3)
  Robin (D:3)
  3 gnolls (D:3)
  An adder (D:3)
  An ufetubus (D:4)
  A worm (D:2)
  4 dart slugs
  An orc (D:3)
  5 ball pythons
  6 endoplasms
  2 giant cockroaches (D:1)
  14 goblins
  9 hobgoblins
  7 kobolds
  A quokka (D:1)
  3 bats
  5 frilled lizards
  5 rats
70 creatures vanquished.

Notes
Turn   | Place    | Note
-------+----------+-------------------------------------------
     0 | D:1      | qw the Minotaur Hexslinger began the quest for the Orb.
     0 | D:1      | Reached XP level 1. HP: 16/16 MP: 1/1
     0 | D:1      | 0 ||| qw: Version: 0.3-a-24-ga2abf7b
     0 | D:1      | 0 ||| qw: Game counter: 6854
     0 | D:1      | 0 ||| qw: Melee chars always use a shield: true
     0 | D:1      | 0 ||| qw: God list: Okawaru
     0 | D:1      | 0 ||| qw: Allow faded altars: false
     0 | D:1      | 0 ||| qw: Do Orc after clearing Dungeon:15 true
     0 | D:1      | 0 ||| qw: Do second Lair branch before Depths: true
     0 | D:1      | 0 ||| qw: Lair rune preference: random
     0 | D:1      | 0 ||| qw: Goals: Normal
     0 | D:1      | 0 ||| PLANNING D:1-11
   322 | D:1      | Reached skill level 3 in Ranged Weapons
   339 | D:1      | Reached XP level 2. HP: 23/23 MP: 2/2
   550 | D:1      | 550 ||| Stepping ~*~*~tactically~*~*~ (water).
   758 | D:1      | Reached XP level 3. HP: 29/29 MP: 3/3
   978 | D:1      | 978 ||| UPGRADING to +0 leather armour.
   988 | D:1      | 988 ||| DROPPING +0 robe.
   989 | D:1      | 989 ||| UPGRADING to +0 ring mail.
   999 | D:1      | 999 ||| DROPPING +0 leather armour.
  1000 | D:1      | 1000 ||| UPGRADING to +0 cloak.
  1005 | D:1      | 1005 ||| DROPPING ring of wizardry.
  1006 | D:1      | 1006 ||| READING scroll labelled NIHOTO LOLAD.
  1007 | D:1      | 1007 ||| READING scroll labelled KIWKOGH TUALO.
  1008 | D:1      | 1008 ||| READING scroll labelled WUIDUPR OLAEP.
  1009 | D:1      | 1009 ||| READING scroll labelled VEBBINWIMOTIQ.
  1010 | D:1      | 1010 ||| DROPPING scroll of poison.
  1359 | D:2      | Reached skill level 4 in Ranged Weapons
  1442 | D:2      | Reached skill level 1 in Armour
  1504 | D:2      | 1504 ||| READING scroll labelled WIEROM RINO.
  1505 | D:2      | 1505 ||| READING scroll labelled SAUTAZ KYISUTO.
  1510 | D:2      | 1510 ||| DRINKING 2 white potions.
  1577 | D:3      | Noticed Robin
  1587 | D:3      | Killed Robin
  1588 | D:3      | Reached XP level 4. HP: 21/36 MP: 4/4
  1777 | D:3      | Found a runed translucent door.
  1784 | D:3      | Noticed qw's ghost (amateur DEHu)
  1844 | D:3      | Found a faded altar of an unknown god.
  1907 | D:3      | Found a burning altar of Makhleb.
  1919 | D:3      | Reached skill level 5 in Ranged Weapons
  2040 | D:3      | Found a stormy altar of Qazlal.
  2057 | D:3      | Noticed Jessica
  2060 | D:3      | Killed Jessica
  2061 | D:3      | Reached skill level 3 in Fighting
  2061 | D:3      | Reached XP level 5. HP: 45/45 MP: 5/5
  2134 | D:3      | 2134 ||| READING scroll labelled TIBIUM BEOGETA.
  2135 | D:3      | 2135 ||| READING scroll labelled WUISOD ORUASM.
  2152 | D:4      | Noticed an ogre
  2156 | D:4      | Noticed a black bear
  2160 | D:4      | Mangled by an ogre

Levels and vault maps discovered:
D:1:      evilmike_arrival_rings, layout_loops_corners,
          chequers_serial_rivers_marsh
D:2:      layout_basic, minmay_misc_feat_hallway
D:3:      layout_basic, mainiacjoe_overflow_tiny_flanked,
          mainiacjoe_overflow_concentric_impassable,
          hellmonk_ecumenical_altar_arch_garden, ebering_ghost_reflecting_pool,
          uniq_natasha, uniq_jessica, uniq_robin
D:4:      layout_cave_pools

Skill      XL: |  1  2  3  4 |
---------------+-------------+-----
Ranged Weapons | 3 4 5 |  5.0
Fighting       | 2 3 |  3.4
Armour         | 1 |  1.0
Dodging        | |  2.1
Spellcasting   | |  1.0
Hexes          | |  2.0

Action                     |  1- 3 |  4- 6 || total
---------------------------+-------+-------++-------
   Fire: Sling             |   142 |    72 ||   214
    Use: Scroll            |     6 |     2 ||     8
         Potion            |     1 |       ||     1
 Armour: Robe              |     6 |       ||     6
         Ring mail         |     3 |     9 ||    12
  Dodge: Dodged            |    32 |    12 ||    44

Table legend:
 A = Non-vault XP
 B = Vault XP
 C = Vault XP percentage of total XP
 D = Non-vault monster count
 E = Vault monster count
 F = Vault count percentage of total count
                 A         B        C        D         E       F
            +---------+---------+-------+---------+---------+-------
      Total |     172 |      65 |  27.4 |      62 |       8 |  11.4
            +---------+---------+-------+---------+---------+-------
        D:1 |      43 |       0 |   0.0 |      23 |       0 |   0.0
        D:2 |      31 |       0 |   0.0 |      15 |       0 |   0.0
        D:3 |      90 |      65 |  41.9 |      23 |       8 |  25.8
        D:4 |       8 |       0 |   0.0 |       1 |       0 |   0.0
            +---------+---------+-------+---------+---------+-------
